AoeStats
← iamjacksonmolloy

MegaRandom

506286646Analyzed
1v1 RM · 21d ago on Sep 13, 2026· 45m 37s· 2 players
Game mode
Random Map
Map size
Tiny (2 player)
Population
200
Speed
Normal
Resources
Standard
Victory
Conquest
Starting age
Dark Age
Ending age
Imperial Age
RankedLock teamsTeams togetherTeam positionsShared explorationLock speedFull tech treeHidden civsTurbo modeCheats
Victory
Defeat
🇦🇺 Romans · Australia
969
+17
🇲🇽 Berbers · Mexico
998
-17
iamjacksonmolloy
8:47 Loom
11:21 Feudal Age
11:33 Man-at-Arms
12:14 Double-Bit Axe
18:36 Horse Collar
22:02 Castle Age
23:25 Fletching
23:58 Bloodlines
29:57 Pikeman
33:26 Wheelbarrow
40:41 Imperial Age
39:54 Scale Barding Armor
40:07 Husbandry
44:24 Chain Barding Armor
Dsp5115
6:48 Loom
11:28 Feudal Age
11:50 Man-at-Arms
20:05 Fletching
25:29 Castle Age
27:26 Husbandry
32:39 Light Cavalry
34:22 Scale Barding Armor
34:30 Bloodlines
40:37 Imperial Age
38:25 Double-Bit Axe
38:35 Horse Collar
44:19 Chain Barding Armor
Connection lost

Rejoining the realm…

Still unreachable

The connection could not be restored.

Session expired

The server has moved on; the page needs a fresh start.